 Dungeon Crawl Stone Soup version 0.30-a0-782-ge64f9170bb (webtiles) character file.

Game seed: 18062860168467214106

70164 Dirian the Severer (level 14, 0/137 HPs)
             Began as a Minotaur Fighter on Mar 5, 2023.
             Was the Champion of Makhleb.
             Shot with an arrow by Nessos (10 damage)
             ... on level 12 of the Dungeon.
             The game lasted 00:39:36 (19119 turns).

Dirian the Severer (Minotaur Fighter)              Turns: 19119, Time: 00:39:37

Health: 0/137      AC: 24    Str: 31    XL:     14   Next: 93%
Magic:  19/19      EV:  6    Int:  5    God:    Makhleb [******]
Gold:   1291       SH:  7    Dex: 11    Spells: 13/13 levels left

rFire   + . .      SeeInvis +    b - +3 war axe
rCold   + . .      Faith    .    c - +1 buckler
rNeg    . . .      Spirit   .    M - +4 gold dragon scales
rPois   +          Reflect  .    N - +2 hat {Stlth+}
rElec   .          Harm     .    F - +1 cloak {rPois}
rCorr   .          Rampage  .    S - +0 pair of gloves
Will    +....                    B - +0 pair of boots Stlth
                                 (no amulet)
HPRegen 0.42/turn                k - ring of see invisible
MPRegen 0.16/turn                p - +6 ring of strength

@: lethally poisoned (0 -> -12), corroded, studying Dodging
A: horns 2, retaliatory headbutt
a: Renounce Religion, Minor Destruction, Lesser Servant of Makhleb, Major
Destruction, Greater Servant of Makhleb


You were on level 12 of the Dungeon.
You worshipped Makhleb.
Makhleb was exalted by your worship.
You visited 3 branches of the dungeon, and saw 18 of its levels.
You also visited: Ice Cave.

You collected 2579 gold pieces.
You spent 1288 gold pieces at shops.

Inventory:

Hand Weapons
 a - a +1 war axe
 b - a +3 war axe (weapon)
 o - a +1 scimitar of flaming
Missiles
 I - 3 throwing nets (quivered)
Armour
 c - a +1 buckler (worn)
 B - a +0 pair of boots (worn)
 F - a +1 cloak of poison resistance (worn)
 M - +4 gold dragon scales (worn)
 N - a +2 hat of stealth (worn)
 S - a +0 pair of gloves (worn)
Jewellery
 f - a ring of positive energy
 i - a ring of protection from cold
 k - a ring of see invisible (left hand)
 p - a +6 ring of strength (right hand)
 y - a ring of resist corrosion
 G - a ring of flight
 U - a ring of protection from fire
Wands
 e - a wand of flame (31)
 v - a wand of digging (5)
 x - a wand of iceblast (23)
 C - a wand of polymorph (22)
 E - a wand of charming (20)
 L - a wand of mindburst (3)
 O - a wand of quicksilver (25)
Scrolls
 l - 8 scrolls of enchant weapon
 r - 4 scrolls of identify
 s - a scroll of fog
 t - 5 scrolls of teleportation
 z - a scroll of blinking
 J - 2 scrolls of silence
 K - 4 scrolls of immolation
 P - a scroll of poison
 Q - 2 scrolls of magic mapping
 R - 2 scrolls of fear
Potions
 d - 4 potions of might
 h - a potion of haste
 j - a potion of mutation
 m - a potion of attraction
 n - a potion of resistance
 q - 12 potions of curing
 u - 6 potions of lignification
 w - 3 potions of heal wounds
 A - 5 potions of flight
 D - 2 potions of cancellation
 H - 2 potions of berserk rage
 T - 4 potions of brilliance


   Skills:
 + Level 16.0 Fighting
 + Level 17.3 Axes
 + Level 14.9 Armour
 - Level 10.0 Shields
 * Level 8.2 Invocations
 * Level 7.6 Evocations


You had 13 spell levels left.
You didn't know any spells.
Your spell library contained the following spells:

 Spells                   Type           Power      Damage    Failure   Level
 Apportation              Tloc           0%         N/A       100%        1
 Beastly Appendage        Tmut           0%         N/A       100%        1
 Cigotuvi's Dreadful Rot  Necr/Pois/Air  0%         N/A       100%        2
 Poisonous Vapours        Pois/Air       0%         N/A       100%        2
 Wereblood                Tmut           0%         N/A       100%        2
 Dazzling Flash           Conj/Hex       0%         N/A       100%        3
 Hailstorm                Conj/Ice       0%         3d3       100%        3
 Mephitic Cloud           Conj/Pois/Air  0%         N/A       100%        3
 Spider Form              Tmut/Pois      0%         N/A       100%        3
 Anguish                  Hex/Necr       0%         N/A       100%        4
 Ice Form                 Ice/Tmut       0%         N/A       100%        4
 Petrify                  Tmut/Erth      0%         N/A       100%        4
 Agony                    Necr           0%         N/A       100%        5
 Alistair's Intoxication  Tmut/Pois      0%         N/A       100%        5
 Iskenderun's Battlesphe  Conj           0%         2d6       100%        5
 Metabolic Englaciation   Hex/Ice        0%         N/A       100%        5
 Silence                  Hex/Air        0%         N/A       100%        5
 Summon Forest            Summ/Tloc      0%         N/A       100%        5
 Summon Mana Viper        Hex/Summ       0%         N/A       100%        5
 Conjure Ball Lightning   Conj/Air       0%         3x3d6     100%        6
 Iron Shot                Conj/Erth      0%         9d1       100%        6
 Simulacrum               Ice/Necr       0%         N/A       100%        6
 Statue Form              Tmut/Erth      0%         N/A       100%        6
 Summon Cactus Giant      Summ           0%         N/A       100%        6
 Enfeeble                 Hex            0%         N/A       100%        7
 Spellforged Servitor     Conj/Summ      0%         N/A       100%        7
 Discord                  Hex            0%         N/A       100%        8
 Disjunction              Tloc           0%         N/A       100%        8


Dungeon Overview and Level Annotations

Branches:
Dungeon (12/15) Zot: 26220  Temple (1/1) D:7 Zot: 5965    Lair (5/5) D:9 Zot: 23759
  Swamp (0/4) Lair:2        Snake (0/4) Lair:3        Slime (0/5) Lair:5
    Orc (0/2) D:10          IceCv (visited)

Altars:
Ashenzari
Cheibriados
Dithmenos
Elyvilon
Fedhas
Gozag
Hepliaklqana
Kikubaaqudgha
Makhleb
Nemelex Xobeh
Okawaru
Qazlal
Ru
Sif Muna
Trog
Uskayaw
Vehumet
Wu Jian
Xom
Yredelemnul
Zin
The Shining One

Shops:
D:6 *   D:7 [   D:8 :

Annotations:
D:12 Nessos
Temple 2 transporters
Lair:2 2 transporters, wogdood's ghost, journeyman TrWr


Innate Abilities, Weirdness & Mutations

You have a pair of horns on your head.
You reflexively headbutt those who attack you in melee.


Message History

Nessos casts a spell.
Nessos blinks!
You are too injured to fight recklessly!
You are too injured to fight recklessly!
You are too injured to fight recklessly!
You are too injured to fight recklessly!
You are too injured to fight recklessly!
You are too injured to fight recklessly!
You are too injured to fight recklessly!
You are too injured to fight recklessly!
You are too injured to fight recklessly!
You are too injured to fight recklessly!
You are too injured to fight recklessly!
You are too injured to fight recklessly!
You are too injured to fight recklessly!
You are too injured to fight recklessly!
Nessos shoots an arrow.
The arrow hits you! The arrow burns you.
Nessos shoots an arrow.
The arrow hits you!! The arrow burns you.
Nessos shoots an arrow.
The arrow hits you but does no damage.
Nessos shouts, "I'm half human!
Half horse!
And all stone-cold KILLER!"
Nessos shoots an arrow.
You block the arrow.
Nessos shoots an arrow.
You block the arrow.
Nessos shoots an arrow.
The arrow hits you! The arrow burns you.
You are poisoned.
Nessos shoots an arrow.
The arrow hits you!
* * * LOW HITPOINT WARNING * * *
The arrow burns you.
* * * LOW HITPOINT WARNING * * *
You feel sick.
Nessos shoots an arrow.
The arrow hits you!!
* * * LOW HITPOINT WARNING * * *
The arrow burns you.
You are lethally poisoned!
* * * LOW HITPOINT WARNING * * *
Nessos shoots an arrow.
The arrow barely misses you.
You feel much better.
* * * LOW HITPOINT WARNING * * *
You feel very sick.
Nessos shoots an arrow.
You block the arrow.
Nessos shoots an arrow.
The arrow hits you!
You die...

#...# #...# #...# #...# #...#
#...###########
###############..............
...........[.................
#.........@.c..............
#..#################.^..... #
#....... #....... #.......
#....... #########.......
.....<..........
..........†.....


You could see Nessos (fast).

Vanquished Creatures
  Gastronok (Lair:1)
  Kirke (D:11)
  A fire dragon (Lair:5)
  4 hydras
  A boulder beetle (D:11)
  2 catoblepae
  Harold (D:9)
  4 two-headed ogres
  Erica (D:9)
  5 death yaks (Lair:5)
  Urug (Lair:4)
  A fire crab (Lair:5)
  A skyshark (Lair:5)
  A bog body (Lair:2)
  A swamp dragon (Lair:5)
  A lindwurm (Lair:2)
  Pikel (D:8)
  A necromancer (IceCv)
  A cyclops (D:12)
  An ugly thing (D:11)
  An ice statue (IceCv)
  6 black mambas
  A gargoyle (D:12)
  8 cane toads
  3 unseen horrors
  A kobold demonologist (D:11)
  9 komodo dragons
  4 rime drakes
  2 freezing wraiths (IceCv)
  16 ice devils
  13 polar bears
  7 trolls
  Prince Ribbit (D:8)
  Grinder (D:6)
  3 raiju (Lair:5)
  33 blink frogs
  4 slime creatures (D:12)
  Sigmund (D:3)
  50 yaks
  3 wyverns
  A vampire (D:10)
  The ghost of wogdood the Cudgeller, an amateur TrWr (D:4)
  2 shadows
  5 hogs
  Eustachio (D:5)
  3 steam dragons
  9 basilisks
  4 vampire mosquitoes (D:12)
  4 death yak simulacra (IceCv)
  Menkaure (D:5)
  5 wargs
  3 harpy simulacra (IceCv)
  6 acid dragons
  4 hydra simulacra (IceCv)
  14 hell hounds (Lair:5)
  19 water moccasins
  3 swamp drakes (Lair:5)
  4 orc warriors
  2 ice beasts
  3 sky beasts
  12 black bears
  4 ogres
  25 wolves
  5 centaurs
  A kobold brigand (D:9)
  5 necrophages
  11 bullfrogs
  A gnoll sergeant (D:12)
  A two-headed ogre simulacrum (IceCv)
  2 wyvern zombies (D:6)
  5 cane toad simulacra (IceCv)
  2 scorpions
  9 wights
  3 elephant simulacra (IceCv)
  15 killer bees
  4 howler monkeys
  4 jellies (Lair:5)
  2 bullfrog zombies (D:6)
  A hound (D:5)
  A human zombie (D:6)
  10 orc priests
  Crazy Yiuf (D:6)
  Terence (D:3)
  6 hell rats
  3 iguanas
  9 orc wizards
  4 polar bear simulacra (IceCv)
  Ijyb (D:3)
  A spriggan simulacrum (IceCv)
  A killer bee zombie (D:6)
  4 wolf simulacra (IceCv)
  A howler monkey zombie (D:6)
  10 gnolls
  6 adders
  A naga simulacrum (IceCv)
  A shadow imp (D:6)
  3 white imps
  An ufetubus (IceCv)
  3 dart slugs
  2 worms
  58 orcs
  5 bats
  7 endoplasms
  3 giant cockroaches
  8 goblins
  7 hobgoblins
  5 quokkas
  3 ball pythons
  4 frilled lizards
  11 kobolds
  18 rats
603 creatures vanquished.

Vanquished Creatures (others)
  22 fungi
  55 plants
77 creatures vanquished.

Grand Total: 680 creatures vanquished

Notes
Turn   | Place    | Note
-------+----------+-------------------------------------------
     0 | D:1      | Dirian the Minotaur Fighter began the quest for the Orb.
     0 | D:1      | Reached XP level 1. HP: 19/19 MP: 0/0
   166 | D:1      | Reached XP level 2. HP: 27/27 MP: 1/1
   841 | D:2      | Reached skill level 3 in Axes
   841 | D:2      | Reached XP level 3. HP: 30/33 MP: 2/2
   928 | D:2      | Found a hide-covered altar of Uskayaw.
  1233 | D:3      | Noticed a necrophage
  1242 | D:3      | Killed a necrophage
  1243 | D:3      | Reached skill level 4 in Axes
  1243 | D:3      | Reached XP level 4. HP: 40/40 MP: 3/3
  1290 | D:3      | Noticed Sigmund
  1290 | D:3      | Noticed Terence
  1291 | D:3      | Noticed Ijyb
  1305 | D:3      | Killed Terence
  1306 | D:3      | Reached XP level 5. HP: 47/47 MP: 4/4
  1316 | D:3      | Killed Sigmund
  1317 | D:3      | Reached skill level 6 in Axes
  1317 | D:3      | Reached skill level 5 in Armour
  1317 | D:3      | Reached XP level 6. HP: 44/53 MP: 5/5
  1331 | D:3      | Killed Ijyb
  2060 | D:3      | Found a stormy altar of Qazlal.
  2130 | D:4      | Identified the +1 ring mail of the Blind Marksman {Dex+3
                  | Stlth+}
  2315 | D:4      | Reached XP level 7. HP: 37/60 MP: 6/6
  2397 | D:4      | Found a shadowy altar of Dithmenos.
  2398 | D:4      | Found an ancient bone altar of Kikubaaqudgha.
  2488 | D:4      | Reached skill level 5 in Fighting
  2501 | D:4      | Identified the +3 spear "Liomikar" {pain, Fragile rN+ Str+2
                  | Int+3}
  2615 | D:4      | Found a transporter.
  2621 | D:4      | Found a transporter.
  2624 | D:4      | Noticed wogdood's ghost (amateur TrWr)
  2665 | D:4      | Reached skill level 7 in Axes
  2761 | D:4      | Identified the +3 leather armour of the Thistle {-Tele
                  | Regen+ Dex+2}
  3038 | D:5      | Entered Level 5 of the Dungeon
  3220 | D:5      | Reached skill level 8 in Axes
  3323 | D:5      | Reached XP level 8. HP: 49/69 MP: 7/7
  3500 | D:5      | Noticed Menkaure
  3509 | D:5      | Killed Menkaure
  3510 | D:5      | Reached skill level 9 in Axes
  3608 | D:5      | Noticed Eustachio
  3626 | D:5      | Killed Eustachio
  4028 | D:4      | Killed wogdood's ghost
  4029 | D:4      | Reached skill level 10 in Axes
  4266 | D:6      | Reached skill level 5 in Shields
  4461 | D:6      | Noticed a +0 short sword
  4466 | D:6      | Noticed a +0 short sword
  4466 | D:6      | Noticed a +0 falchion
  4466 | D:6      | Noticed a +0 dagger
  4466 | D:6      | Noticed a +0 dagger
  4467 | D:6      | Noticed a +0 spear
  4468 | D:6      | Noticed a +0 falchion
  4507 | D:6      | Noticed a +0 spear
  4521 | D:6      | Found a hide-covered altar of Uskayaw.
  4524 | D:6      | Noticed Grinder
  4536 | D:6      | Killed Grinder
  4537 | D:6      | Reached XP level 9. HP: 70/78 MP: 8/8
  4625 | D:6      | Found Pongaheg's Distillery.
  4692 | D:6      | Found a runed translucent door.
  4693 | D:6      | Noticed Crazy Yiuf
  4722 | D:6      | Found a glowing silver altar of Zin.
  4724 | D:6      | Found an ornate altar of the Wu Jian Council.
  4724 | D:6      | Found a snail-covered altar of Cheibriados.
  4826 | D:6      | Found Koneen's Gadget Gallery.
  4832 | D:6      | Found a shimmering blue altar of Sif Muna.
  4983 | D:6      | Reached skill level 11 in Axes
  4990 | D:6      | Found a basalt altar of Yredelemnul.
  5302 | D:6      | Killed Crazy Yiuf
  5630 | D:6      | Reached skill level 12 in Axes
  5869 | D:7      | Found Fereydun's Dragon-Slaying Spoils.
  6084 | D:7      | Found a staircase to the Ecumenical Temple.
  6457 | Temple   | Entered the Ecumenical Temple
  6457 | Temple   | Found a transporter.
  6457 | Temple   | Found a transporter.
  6459 | Temple   | Found a transporter.
  6459 | Temple   | Found a transporter.
  6477 | Temple   | Became a worshipper of Makhleb the Destroyer
  6672 | D:8      | Found Ysuphous's Tremendous Tomes.
  6746 | D:8      | Reached XP level 10. HP: 55/88 MP: 9/9
  6900 | D:8      | Noticed Prince Ribbit
  6918 | D:8      | Killed Prince Ribbit
  7452 | D:8      | Reached * piety under Makhleb
  7453 | D:8      | Reached skill level 13 in Axes
  7453 | D:8      | Reached skill level 10 in Armour
  7649 | D:8      | Noticed Pikel
  7659 | D:8      | Killed Pikel
  7935 | D:9      | Noticed Erica
  7943 | D:9      | Killed Erica
  8007 | D:9      | Reached ** piety under Makhleb
  8175 | D:9      | Found a staircase to the Lair.
  8195 | D:9      | Reached skill level 14 in Axes
  8470 | D:9      | Reached XP level 11. HP: 97/97 MP: 10/10
  8573 | D:9      | Noticed Harold
  8589 | D:9      | Killed Harold
  8590 | D:9      | Reached skill level 1 in Invocations
  8590 | D:9      | Reached skill level 1 in Evocations
  8827 | D:10     | Entered Level 10 of the Dungeon
  9385 | D:10     | Found a staircase to the Orcish Mines.
  9395 | D:10     | Reached skill level 10 in Fighting
  9395 | D:10     | Reached *** piety under Makhleb
  9798 | D:11     | Noticed a two-headed ogre
  9844 | Lair:1   | Entered Level 1 of the Lair of Beasts
  9904 | Lair:1   | Noticed Gastronok
  9926 | Lair:1   | Killed Gastronok
  9927 | Lair:1   | Reached skill level 15 in Axes
 10379 | Lair:1   | Noticed a catoblepas
 10392 | Lair:1   | Killed a catoblepas
 11080 | Lair:1   | Identified a scroll of acquirement
 11080 | Lair:1   | Acquired 871 gold pieces
 11214 | D:7      | Bought +2 gold dragon scales for 1288 gold pieces
 11472 | Lair:2   | Noticed a lindwurm
 11484 | Lair:2   | Killed a lindwurm
 11485 | Lair:2   | Reached XP level 12. HP: 91/110 MP: 14/14
 11889 | Lair:2   | Noticed a four-headed hydra
 11898 | Lair:2   | Killed a one-headed hydra
 11929 | Lair:2   | Reached **** piety under Makhleb
 11974 | Lair:2   | Found a staircase to the Swamp.
 11982 | Lair:2   | Reached skill level 5 in Invocations
 12032 | Lair:2   | Noticed a four-headed hydra
 12043 | Lair:2   | Killed a one-headed hydra
 12067 | Lair:2   | Noticed a death yak
 12067 | Lair:2   | Noticed a five-headed hydra
 12070 | Lair:2   | Noticed wogdood's ghost (journeyman TrWr)
 12077 | Lair:2   | Found a transporter.
 12086 | Lair:2   | Found a transporter.
 12098 | Lair:2   | Noticed a five-headed hydra
 12114 | Lair:2   | Killed a one-headed hydra
 12115 | Lair:2   | Reached skill level 5 in Evocations
 12611 | Lair:3   | Found a staircase to the Snake Pit.
 12670 | Lair:3   | Found a frozen archway.
 12694 | IceCv    | Entered an ice cave
 12700 | IceCv    | Reached ***** piety under Makhleb
 12924 | IceCv    | Found an ancient bone altar of Kikubaaqudgha.
 12937 | IceCv    | Reached skill level 10 in Shields
 12941 | IceCv    | Reached XP level 13. HP: 93/122 MP: 15/15
 13145 | IceCv    | Found the +4 skin of Zhor {*Englaciate rC+++ SInv}
 13164 | IceCv    | Identified the ring "Rossac" {*Corrode rElec rN+ MP+9 Int+5
                  | Dex+3}
 14235 | Lair:4   | Reached ****** piety under Makhleb
 14323 | Lair:4   | Reached skill level 16 in Axes
 14462 | Lair:4   | Noticed Urug
 14478 | Lair:4   | Killed Urug
 14531 | Lair:4   | Identified the +2 robe of the Gloaming {rN+ Int+2}
 14757 | Lair:5   | Entered Level 5 of the Lair of Beasts
 15601 | Lair:5   | Reached XP level 14. HP: 118/133 MP: 18/18
 16204 | Lair:5   | Found a staircase to the Slime Pits.
 16391 | Lair:5   | Reached skill level 15 in Fighting
 16728 | Lair:5   | Reached skill level 17 in Axes
 18305 | D:12     | Noticed Kirke
 18713 | D:11     | Killed Kirke
 19108 | D:12     | Noticed Nessos
 19118 | D:12     | HP: 4/137 [Nessos/arrow (3)]
 19119 | D:12     | Shot with an arrow by Nessos

Illustrated notes

Levels and vault maps discovered:
D:1:      nagdon_arrival_zigzag_paths, layout_basic, minmay_rat_gold_closets
D:2:      layout_rooms, basic_altar, minmay_goblin_outpost
D:3:      layout_basic, nicolae_qazlal_general_emergency, uniq_sigmund,
          uniq_ijyb, uniq_terence
D:4:      layout_layer_cave, gammafunk_temple_overflow_statue,
          gammafunk_ghost_gnarly_gnolls
D:5:      layout_cave_pools, uniq_eustachio, uniq_menkaure
D:6:      layout_basic, nicolae_uskayaw_en_pointe,
          lemuel_mausoleum_altar_yredelemnul, grunt_temple_overflow_open,
          serial_shops, nicolae_shop_statue_plus, nicolae_shop_gadgets,
          uniq_crazy_yiuf_cottage, uniq_grinder
D:7:      layout_cave_pools, temple_hall, hangedman_decor_slide_cut,
          chequers_serial_rivers_micro_b, minmay_misc_feat_secret_circle,
          nrook_mini_vaults, nicolae_shop_dragon_depot
D:8:      layout_basic, special_room [special_room_orc],
          nicolae_shop_i_like_big_books, uniq_prince_ribbit1, uniq_pikel
D:9:      layout_gridville, hellmonk_lair_entry_icy, uniq_harold, uniq_erica
D:10:     layout_rooms, david_orc_3
D:11:     layout_loops_corners, kennysheep_generic_room_8
D:12:     layout_long_grid, uniq_kirke, uniq_nessos
Temple:   hellmonk_temple_divided_pantheon
Lair:1:   layout_long_grid, grunt_megastairs_2, infiniplex_staircase_pool_2,
          lemuel_fruit_tree, uniq_gastronok
Lair:2:   layout_chaotic_city, skrybe_swamp_entry_bodies,
          gammafunk_ghost_berserking_beasts, grunt_megastairs_5
Lair:3:   layout_hall_layers, minmay_snake_entry_six_corridors,
          portal_ice_cave_demonic_guard, chequers_serial_rivers_large_b
Lair:4:   layout_misc_corridors, uniq_urug
Lair:5:   hangedman_lair_caniforms_friends, layout_misc_corridors,
          guppyfry_lair_end_dragon, nicolae_slime_entry_field_trip,
          kennysheep_basilisk_garden, grunt_megastairs_3

Skill      XL: |  1  2  3  4  5  6  7  8  9 10 11 12 13 14 |
---------------+-------------------------------------------+-----
Armour         | 4 5 6 7 9 10 12 13 14 | 14.9
Fighting       | 4 5 6 8 9 11 13 14 16 | 16.0
Shields        | 4 5 6 7 10 | 10.0
Axes           | 3 4 6 8 10 12 14 15 16 17 | 17.3
Invocations    | 4 5 6 8 |  8.2
Evocations     | 4 5 6 7 |  7.6

Action                     |  1- 3 |  4- 6 |  7- 9 | 10-12 | 13-15 || total
---------------------------+-------+-------+-------+-------+-------++-------
  Melee: War axe           |    95 |    93 |   235 |   488 |   842 ||  1753
         Headbutt          |    12 |    12 |    33 |   112 |   193 ||   362
         Scimitar          |       |       |       |    22 |    10 ||    32
         Unarmed           |       |       |       |       |     4 ||     4
    Use: Potion            |       |     2 |     4 |       |     3 ||     9
         Scroll            |       |       |    17 |     8 |     6 ||    31
   Stab: Petrified         |       |       |       |       |     1 ||     1
 Armour: Scale mail        |    50 |    42 |    21 |       |       ||   113
         Chain mail        |       |       |    93 |   117 |       ||   210
         Gold dragon scale |       |       |       |   324 |   710 ||  1034
  Dodge: Dodged            |    49 |    34 |    94 |   174 |   240 ||   591
  Block: Buckler           |    23 |    17 |    63 |   173 |   285 ||   561

Table legend: (Time is in decaauts)
 A = Elapsed time spent in this place.
 B = Non-inter-level travel time spent in this place.
 C = Inter-level travel time spent in this place.
 D = Time resting spent in this place.
 E = Time spent auto-exploring this place.
 F = Levels seen in this place.
 G = Mean time per level.
                   A        B        C        D        E       F      G
               +--------+--------+--------+--------+--------+-----+--------+
         Total |  18963 |  17898 |   1065 |   1137 |  13004 |  19 |  998.1 |
       Dungeon |  11931 |  11119 |    812 |    542 |   8508 |  12 |  994.2 |
        Temple |     34 |     34 |      0 |      0 |      0 |   1 |   34.0 |
          Lair |   6240 |   5987 |    253 |    595 |   3987 |   5 | 1248.0 |
      Ice Cave |    756 |    756 |      0 |      0 |    509 |   1 |  756.0 |
               +--------+--------+--------+--------+--------+-----+--------+

Top non-repeatable levels by time:
  Lair:5: 1889 daAuts
     D:6: 1495 daAuts
    D:11: 1463 daAuts
     D:8: 1354 daAuts
  Lair:1: 1330 daAuts
  Lair:2: 1206 daAuts
     D:9: 1202 daAuts
     D:4: 1142 daAuts
     D:5: 976 daAuts
  Lair:4: 935 daAuts
     D:7: 933 daAuts
     D:3: 902 daAuts
  Lair:3: 878 daAuts
    D:10: 846 daAuts
     D:1: 824 daAuts
